 Dungeon Crawl Stone Soup version 0.30-a0-778-g2ef04afb54 (webtiles) character file.

Game seed: 9913620385440678147

9 Esekla the Sneak (level 2, 0/16 HPs)
             Began as a Vine Stalker Delver on Feb 15, 2023.
             Slain by a gnoll
             ... wielding a +0 spear
             ... led by a gnoll bouda
              (6 damage)
             ... on level 6 of the Dungeon.
             The game lasted 00:02:02 (137 turns).

Esekla the Sneak (Vine Stalker Delver)               Turns: 137, Time: 00:02:03

Health: 0/16       AC:  3    Str: 14    XL:     2   Next: 16%
Magic:  0/3        EV: 11    Int: 10    God:
Gold:   14         SH:  0    Dex: 15    Spells: 2/2 levels left

rFire   . . .      SeeInvis .    a - +0 falchion
rCold   . . .      Faith    .    (no shield)
rNeg    . . .      Spirit   +    b - +0 leather armour
rPois   .          Reflect  .    (no helmet)
rElec   .          Harm     .    (no cloak)
rCorr   .          Rampage  .    (no gloves)
Will    .....                    (no boots)
Stlth   +++                      (no amulet)
HPRegen 0.22/turn                (no ring)
MPRegen 0.08/turn                (no ring)

@: no status effects
A: fangs 2, magic shield, antimagic bite, no potion heal 2
a: no special abilities


You were on level 6 of the Dungeon.
You visited 1 branch of the dungeon, and saw 2 of its levels.

You collected 14 gold pieces.

Inventory:

Hand Weapons
 a - a +0 falchion (weapon)
 c - a +0 spear
Armour
 b - a +0 leather armour (worn)
Jewellery
 d - a ring of poison resistance
Wands
 g - a wand of digging (3)
Scrolls
 e - a scroll of fear
Potions
 f - a potion of haste
 h - a potion of attraction {unknown}


   Skills:
 * Level 2.8 Fighting
 * Level 1.9 Long Blades
 + Level 1.6 Dodging
 + Level 6.2 Stealth
 * Level 0.5 Spellcasting


You had 2 spell levels left.
You didn't know any spells.
Your spell library was empty.

Dungeon Overview and Level Annotations

Branches:
Dungeon (6/15)
 Temple: D:4-7

Altars:
Sif Muna


Innate Abilities, Weirdness & Mutations

You have extremely sharp teeth.
When hurt, damage is shared between your health and your magic reserves.
Your bite disrupts and absorbs the magic of your enemies.
Potions cannot restore your health.


Message History

The gnoll hits you with a +0 spear.
You hit the gnoll. You bite the gnoll, but do no damage.
The gnoll is moderately wounded.
The gnoll hits you with a +0 spear.
You hit the gnoll.
The gnoll is heavily wounded.
The gnoll hits you with a +0 spear.
* * * LOW HITPOINT WARNING * * *
Okay, then.
Unknown command.
Okay, then.
You hit the gnoll. Your punch misses the gnoll.
You bite the gnoll, but do no damage.
The gnoll is almost dead.
The gnoll hits you with a +0 spear.
* * * LOW HITPOINT WARNING * * *
You closely miss the gnoll. You punch the gnoll. You bite the gnoll.
You kill the gnoll!
You have reached level 2!
Things that are here:
a +0 spear; a gnoll corpse
c - a +0 spear You start resting.
You hear the slow rusting of a drain nearby.
You start resting.
Magic restored.
You start resting.
HP restored.
You hear the slow rusting of a very distant drain.
The gnoll shouts!
You hear a shout!
A gnoll bouda comes into view. It is wielding a +0 club.
You see here a ring of poison resistance.
d - a ring of poison resistance A gnoll comes into view.
It is wielding a +0 spear.
The gnoll attacks as you move away! The gnoll barely misses you.
The gnoll hits you from afar with a +0 spear.
There is a stone staircase leading up here.
The gnoll hits you with a +0 whip!
The gnoll hits you from afar with a +0 spear.
You die...

### .....# ###.## #......##
#....# #.......# .....##
#.......## ......# #........#
......## #........## .......#
#...g.....# .......#
#.........# #......##
#.@g......##### #.......#
#####.........##..#
#..†....###................##
##.......................#.#
#............#####.......###
..############ #####.### ###
###


You could see 2 gnolls.

Vanquished Creatures
  A gnoll (D:6)
1 creature vanquished.

Notes
Turn   | Place    | Note
-------+----------+-------------------------------------------
     0 | D:5      | Esekla the Vine Stalker Delver began the quest for the Orb.
     0 | D:5      | Reached XP level 1. HP: 11/11 MP: 2/2
    36 | D:6      | Reached XP level 2. HP: 2/16 MP: 0/3
   137 | D:6      | Slain by a gnoll

Illustrated notes

Levels and vault maps discovered:
D:5:      layout_loops_ring, overflow_temple_1_default, uniq_ijyb,
          uniq_eustachio, uniq_sigmund
D:6:      layout_cave_pods, gup_sewer_entry_bowl

Action                     || total
---------------------------++-------
  Melee: Falchion          ||     4
         Bite              ||     3
         Punch             ||     1
    Use: Scroll            ||     2
  Dodge: Dodged            ||     1

Table legend: (Time is in decaauts)
 A = Elapsed time spent in this place.
 B = Non-inter-level travel time spent in this place.
 C = Inter-level travel time spent in this place.
 D = Time resting spent in this place.
 E = Time spent auto-exploring this place.
 F = Levels seen in this place.
 G = Mean time per level.
                   A        B        C        D        E       F      G
               +--------+--------+--------+--------+--------+-----+--------+
         Total |    137 |    137 |      0 |     57 |      0 |   2 |   68.5 |
       Dungeon |    137 |    137 |      0 |     57 |      0 |   2 |   68.5 |
               +--------+--------+--------+--------+--------+-----+--------+

Top non-repeatable levels by time:
     D:6: 127 daAuts
     D:5: 10 daAuts
